 Dungeon Crawl Stone Soup version 0.24-a0-504-gcfb02b9d07 (webtiles) character file.

Game seed: 2898940311834032691

6524 LemonEater the Geomancer (level 11, -1/63 HPs)
             Began as a Gargoyle Earth Elementalist on July 16, 2019.
             Was a Believer of Vehumet.
             Slain by an eight-headed hydra (4 damage)
             ... on level 9 of the Dungeon.
             The game lasted 00:32:31 (8380 turns).

LemonEater the Geomancer (GrEE)                     Turns: 8380, Time: 00:32:32

Health: -1/63      AC: 17    Str: 10    XL:     11   Next: 1%
Magic:  2/21       EV: 13    Int: 19    God:    Vehumet [**....]
Gold:   528        SH:  4    Dex: 11    Spells: 15/24 levels left

rFire    . . .     SeeInvis .   a - +4 dire flail
rCold    + . .     Gourm    .   (shield currently unavailable)
rNeg     + + .     Faith    .   c - +1 robe
rPois    ∞         Spirit   .   (no helmet)
rElec    +         Reflect  .   p - +2 ratskin cloak {+Rats rPois rN+ Str-1 Int-1 Dex+1}
rCorr    .         Harm     .   h - +0 pair of gloves
MR       .....     Clarity  +   (no boots)
Stlth    ++........             (no amulet)
HPRegen  0.20/turn              l - ring of wizardry
MPRegen  0.17/turn              g - ring of protection from cold

@: no status effects
A: iridescent scales 1, large bone plates 1, clarity, negative energy resistance
1, electricity resistance, unbreathing, petrification resistance, rot immunity,
AC +8
a: Renounce Religion, Evoke Ratskin


You were on level 9 of the Dungeon.
You worshipped Vehumet.
Vehumet was pleased with you.
You were very hungry.

You visited 2 branches of the dungeon, and saw 10 of its levels.

You collected 528 gold pieces.

Inventory:

Hand Weapons
 a - a +4 dire flail (weapon)
Missiles
 b - 61 stones (quivered)
 x - a throwing net
Armour
 c - a +1 robe (worn)
 h - a +0 pair of gloves (worn)
 p - the +2 ratskin cloak (worn) {+Rats rPois rN+ Str-1 Int-1 Dex+1}
   (You found it on level 6 of the Dungeon)

   It affects your strength (-1).
   It affects your intelligence (-1).
   It affects your dexterity (+1).
   It protects you from poison.
   It protects you from negative energy.
Jewellery
 g - a ring of protection from cold (right hand)
 j - an uncursed ring of positive energy
 l - a ring of wizardry (left hand)
Wands
 m - a wand of polymorph (6)
 w - a wand of paralysis (8)
Scrolls
 i - 4 scrolls of remove curse
 n - a scroll of teleportation
 s - a scroll of fear
Potions
 f - a potion of ambrosia
 k - a potion of resistance
 o - 4 potions of curing
 q - a potion of lignification
 r - a potion of flight
 t - a potion of brilliance
 u - a potion of haste
 z - a potion of berserk rage
Comestibles
 d - 16 rations


   Skills:
 + Level 5.0 Fighting
 + Level 4.3 Maces & Flails
 + Level 4.9 Armour
 + Level 4.2 Dodging
 - Level 2.1 Stealth
 + Level 7.0 Spellcasting
 + Level 7.6 Conjurations
   Level 0.7 Transmutations
 + Level 9.4 Earth Magic
 + Level 4.1 Evocations


You had 15 spell levels left.
You knew the following spells:

 Your Spells              Type           Power        Failure   Level  Hunger
a - Sandblast             Erth           #####.       1%          1    None
b - Stone Arrow           Conj/Erth      #####.       1%          3    #......
c - Lee's Rapid Deconstr  Erth           #####.....   2%          5    #####..

Your spell library contained the following spells:

 Spells                   Type           Power        Failure   Level  Hunger
 Conjure Flame            Conj/Fire      ###.....     2%          3    #......
 Passwall                 Tmut/Erth      ####....     1%          2    None
 Beastly Appendage        Tmut           #.....       3%          1    None
 Sticks to Snakes         Tmut           #.......     4%          2    None
 Petrify                  Tmut/Erth      ####....     4%          4    ###....
 Spider Form              Tmut/Pois      #.........   11%         3    #......
 Ice Form                 Ice/Tmut       #.......     32%         4    ###....
 Blade Hands              Tmut           #.........   61%         5    #####..


Dungeon Overview and Level Annotations

Branches:
Dungeon (9/15)             Temple (1/1) D:6
   Lair: D:8-11         Orc: D:9-12

Altars:
Ashenzari
Cheibriados
Dithmenos
Elyvilon
Gozag
Makhleb
Nemelex Xobeh
Qazlal
Trog
Uskayaw
Vehumet
Wu Jian
Yredelemnul
Zin
Beogh

Shops:
D:5 %   D:9 *


Innate Abilities, Weirdness & Mutations

You are resistant to torment.
Your stone body is resilient. (AC +8)
You are immune to poison.
You resist negative energy. (rN+)
You are resistant to electric shocks. (rElec)
You can survive without breathing.
You are immune to petrification.
You are immune to rotting.
You are partially covered in iridescent scales. (AC +2)
You are partially covered in large bone plates. (SH +4)
You possess an exceptional clarity of mind.


Message History

Okay, then.
Unknown command.
Evoke which item? (* to show all) (? for menu, Esc to quit)
Aiming: Paralyse
Press: ? - help, Shift-Dir - straight line, f - eight-headed hydra
Aim: an eight-headed hydra (heavily wounded, chance to defeat MR: 24%)
The eight-headed hydra resists with almost no effort.
The wight hits you from afar with a +3 spear.
* * * LOW HITPOINT WARNING * * *
The eight-headed hydra bites you but does no damage.
The eight-headed hydra bites you.
* * * LOW HITPOINT WARNING * * *
The eight-headed hydra bites you but does no damage. x2
The eight-headed hydra bites you.
* * * LOW HITPOINT WARNING * * *
The eight-headed hydra bites you.
* * * LOW HITPOINT WARNING * * *
The eight-headed hydra bites you but does no damage.
The eight-headed hydra bites you.
You die...

#.# #.# #.# ## #.# ..
#######.# . #z
#.......#### ... #.
##.######....
.....#.#######...#####.###
.....WOzD@.............#
..#'#.o#######...#######
'∩'.. ##.## ..#'#W. #.# ..
.#. #.# .. ..#. #.# . ##
#. #.# #. #.# #.#


You could see an eight-headed hydra, a phantom, an orc warrior, an ogre and a
wight.

Vanquished Creatures
  A hydra (D:9)
  An unseen horror (D:6)
  A troll (D:9)
  2 dream sheep (D:9)
  A hippogriff (D:8)
  2 yaks (D:9)
  A hungry ghost (D:9)
  A water moccasin (D:7)
  2 ice beasts
  3 orc warriors
  A black bear (D:7)
  3 sky beasts
  A necrophage (D:5)
  3 ogres
  3 centaurs
  3 big kobolds (D:9)
  2 bullfrogs
  A gnoll sergeant (D:8)
  2 scorpions (D:5)
  A water moccasin skeleton (D:4)
  8 wights
  2 howler monkeys
  5 crimson imps
  A bullfrog zombie (D:5)
  A gnoll shaman (D:8)
  6 orc priests
  2 bullfrog skeletons
  A centaur zombie (D:9)
  A hound (D:3)
  11 orc wizards
  A centaur skeleton (D:7)
  An iguana (D:4)
  3 hell rats (D:6)
  14 worker ants
  A killer bee zombie (D:7)
  2 hound zombies
  A hound skeleton (D:5)
  A worker ant zombie (D:7)
  A howler monkey skeleton (D:4)
  6 adders
  11 gnolls
  5 river rats
  3 shadow imps
  An adder skeleton (D:7)
  A worm (D:2)
  4 dart slugs
  7 leopard geckos
  26 orcs
  9 giant cockroaches
  9 goblins
  8 hobgoblins
  9 jackals
  2 quokkas (D:8)
  5 ball pythons
  A ball python zombie (D:6)
  6 bats
  3 frilled lizards
  10 kobolds
  2 quokka skeletons
  20 rats
246 creatures vanquished.

Notes
Turn   | Place    | Note
-------+----------+-------------------------------------------
     0 | D:1      | LemonEater the Gargoyle Earth Elementalist began the quest
                  | for the Orb.
     0 | D:1      | Reached XP level 1. HP: 10/10 MP: 3/3
   196 | D:1      | Reached skill level 4 in Earth Magic
   196 | D:1      | Reached XP level 2. HP: 15/15 MP: 3/5
   476 | D:1      | You fall into a shaft and drop 1 floor!
   620 | D:2      | Reached XP level 3. HP: 13/19 MP: 4/6
   625 | D:2      | Learned a level 3 spell: Stone Arrow
  1187 | D:2      | Reached skill level 1 in Conjurations
  1267 | D:2      | Reached XP level 4. HP: 24/24 MP: 6/8
  2033 | D:2      | Found an ornate altar of the Wu Jian Council.
  2378 | D:3      | Reached skill level 5 in Earth Magic
  2378 | D:3      | Reached XP level 5. HP: 26/28 MP: 3/10
  2399 | D:3      | Learned a level 5 spell: Lee's Rapid Deconstruction
  2562 | D:3      | Found a glowing silver altar of Zin.
  2711 | D:3      | Found a snail-covered altar of Cheibriados.
  2980 | D:4      | Found a basalt altar of Yredelemnul.
  3011 | D:4      | Reached XP level 6. HP: 17/32 MP: 11/11
  3281 | D:4      | Found a roughly hewn altar of Beogh.
  3454 | D:4      | Found a shadowy altar of Dithmenos.
  3591 | D:4      | Reached skill level 6 in Earth Magic
  3674 | D:5      | Entered Level 5 of the Dungeon
  3736 | D:5      | Found Ydonas's Food Shoppe.
  3795 | D:5      | Reached XP level 7. HP: 36/36 MP: 2/13
  3918 | D:5      | Found a shattered altar of Ashenzari.
  3920 | D:5      | Found a white marble altar of Elyvilon.
  4196 | D:5      | Reached skill level 7 in Earth Magic
  4196 | D:5      | Reached skill level 5 in Spellcasting
  4221 | D:5      | Reached skill level 5 in Conjurations
  4221 | D:5      | Reached XP level 8. HP: 14/41 MP: 0/15
  5052 | D:6      | Found the +2 ratskin cloak {+Rats rPois rN+ Str-1 Int-1
                  | Dex+1}
  5118 | D:6      | Found a staircase to the Ecumenical Temple.
  5158 | D:6      | Killed an unseen horror
  5158 | D:6      | Reached skill level 1 in Maces & Flails
  5158 | D:6      | Reached skill level 1 in Armour
  5158 | D:6      | Reached skill level 8 in Earth Magic
  5158 | D:6      | Reached skill level 1 in Evocations
  5158 | D:6      | Reached XP level 9. HP: 7/48 MP: 0/17
  5637 | Temple   | Entered the Ecumenical Temple
  5769 | Temple   | Became a worshipper of Vehumet
  6194 | D:7      | Gained mutation: You possess an exceptional clarity of
                  | mind. [potion of mutation]
  6194 | D:7      | Gained mutation: You are partially covered in iridescent
                  | scales. (AC +2) [potion of mutation]
  6194 | D:7      | Gained mutation: You are partially covered in large bone
                  | plates. (SH +4) [potion of mutation]
  6954 | D:7      | Reached * piety under Vehumet
  6954 | D:7      | Offered knowledge of Flame Tongue by Vehumet.
  7079 | D:8      | Reached XP level 10. HP: 56/56 MP: 9/19
  7295 | D:8      | Reached ** piety under Vehumet
  7295 | D:8      | Offered knowledge of Magic Dart by Vehumet.
  7392 | D:8      | Reached skill level 9 in Earth Magic
  8156 | D:9      | Noticed a three-headed hydra
  8162 | D:9      | Killed a three-headed hydra
  8162 | D:9      | Offered knowledge of Conjure Flame by Vehumet.
  8364 | D:9      | Found Cyxoozus's Assorted Antiques.
  8371 | D:9      | Noticed an eight-headed hydra
  8374 | D:9      | Reached XP level 11. HP: 56/62 MP: 11/21
  8378 | D:9      | Reached skill level 5 in Fighting
  8380 | D:9      | HP: 3/63 [eight-headed hydra (5)]
  8380 | D:9      | Slain by an eight-headed hydra

Levels and vault maps discovered:
D:1:      minmay_arrival_doors, layout_loops_ring, feat_on_display
D:2:      cheibrodos_greedy_goblins, layout_basic, overflow_temple_1_default,
          minivault_11
D:3:      layout_basic, lemuel_doored_altar, zin_academy, first_ration
D:4:      layout_rooms, nicolae_dithmenos_the_darkroom, lemuel_crystal_altar,
          minmay_misc_feat_pillars, kennysheep_orc_chapel
D:5:      layout_basic, grunt_temple_overflow_open, gup_sewer_entry_bubbles,
          serial_shops, nicolae_shop_waterfront
D:6:      wander_guarded_unrand_ratskin, layout_rooms, minmay_temple_entry_mist
D:7:      layout_loops_corners
D:8:      layout_loops_ring
D:9:      layout_loops_ring, okawaru_humans, nicolae_overflow_hidden_temple,
          serial_shops, nicolae_shop_behind_doors, hangedman_ranch
          [blue_anna_fruit_fields], nrook_mini_vaults, evilmike_butchery
Temple:   nicolae_temple_figure_eight

Skill      XL: |  1  2  3  4  5  6  7  8  9 10 11 |
---------------+----------------------------------+-----
Earth Magic    | 4 5 6 7 8 9 |  9.4
Conjurations   | 1 2 3 5 6 7 |  7.6
Spellcasting   | 3 4 5 6 7 |  7.0
Fighting       | 2 3 4 5 |  5.0
Maces & Flails | 1 3 4 |  4.3
Armour         | 1 3 4 |  4.9
Dodging        | 2 3 4 |  4.2
Evocations     | 1 2 4 |  4.1
Stealth        | |  2.1
Transmutations | |  0.7

Action                   |  1- 3 |  4- 6 |  7- 9 | 10-12 || total
-------------------------+-------+-------+-------+-------++-------
Melee: Club              |     7 |       |       |       ||     7
       Dagger            |    69 |       |       |       ||    69
       Short sword       |    53 |   161 |   139 |       ||   353
       Dire flail        |       |       |   111 |   132 ||   243
 Cast: Sandblast         |    24 |    34 |    80 |     6 ||   144
       Lee's Rapid Decon |       |     4 |    19 |    16 ||    39
       Stone Arrow       |       |       |     8 |     5 ||    13
 Abil: Evoke Ratskin     |       |       |     1 |       ||     1
Evoke: Wand              |       |       |     6 |     1 ||     7
  Use: Scroll            |     4 |     5 |     7 |     2 ||    18
       Potion            |       |       |     3 |     1 ||     4
 Stab: Sleeping          |     2 |     3 |     4 |     3 ||    12
  Eat: Chunk             |     2 |     8 |    11 |     8 ||    29
       Ration            |       |       |     2 |       ||     2
Armor: Robe              |    60 |    97 |   144 |    66 ||   367
Dodge: Dodged            |   110 |   141 |   162 |    76 ||   489
Block: Other             |       |       |    10 |    27 ||    37

Table legend:
 A = Non-vault XP
 B = Vault XP
 C = Vault XP percentage of total XP
 D = Non-vault monster count
 E = Vault monster count
 F = Vault count percentage of total count
                 A         B        C        D         E       F
            +---------+---------+-------+---------+---------+-------
      Total |    6885 |    2435 |  26.1 |     198 |      48 |  19.5
            +---------+---------+-------+---------+---------+-------
        D:1 |      37 |       0 |   0.0 |      22 |       0 |   0.0
        D:2 |      55 |      15 |  21.4 |      19 |       8 |  29.6
        D:3 |     164 |       0 |   0.0 |      16 |       0 |   0.0
        D:4 |     238 |      47 |  16.5 |      14 |       3 |  17.6
        D:5 |     840 |      29 |   3.3 |      29 |       8 |  21.6
        D:6 |    1775 |     172 |   8.8 |      27 |      21 |  43.8
        D:7 |    1107 |       0 |   0.0 |      20 |       0 |   0.0
        D:8 |    1521 |       0 |   0.0 |      36 |       0 |   0.0
        D:9 |    1148 |    2172 |  65.4 |      15 |       8 |  34.8
            +---------+---------+-------+---------+---------+-------
